Cogmind - Beta 13 @@@ ROGUE MODE // 2024.07.07 @ 21:13:59 Player: APerTAS Result: Self-destructed Performance ------------- Evolutions (1) 500 Regions Visited (3) 600 Robots Destroyed (47) 235 Value Destroyed (1352) 1352 Prototype IDs (1) 20 Alien Tech Used (0) 0 Bonus (-55) -55 TOTAL SCORE: 2652 Bonus ------- Follower Combat Kills 60 Friendly Fire -115 Cogmind --------- Core Integrity 148/400 Matter 295/300 Energy 265/265 System Corruption 5% Temperature Cool (0) Movement Rolling (135) Ox3 Location -9/Mines Parts ------- > --- POWER (1) -------- Improved Ion Engine > --- PROPULSION (2) --- Armored Wheel Armored Wheel > --- UTILITY (4) ------ Heat Sink Heat Sink Huge Storage Unit Signal Interpreter > --- WEAPON (2) ------- Particle Cannon Makeshift Shrapnel Gun (fused) > --- INVENTORY (25) --- Light Ion Engine Light Ion Engine Improved Ion Engine Small Storage Unit High-capacity Storage Unit Structural Scanner Terrain Scanner Light Armor Plating Medium Armor Plating Beam Rifle Beam Rifle Particle Cannon Particle Cannon Datajack Peak State ------------ > --- POWER ------------ Improved Ion Engine > --- PROPULSION ------- Armored Wheel Armored Wheel > --- UTILITY ---------- Heat Sink Heat Sink Huge Storage Unit Signal Interpreter > --- WEAPON ----------- Particle Cannon Makeshift Shrapnel Gun > --- INVENTORY -------- Light Ion Engine Light Ion Engine Improved Ion Engine Small Storage Unit High-capacity Storage Unit Structural Scanner Terrain Scanner Light Armor Plating Medium Armor Plating Beam Rifle Beam Rifle Particle Cannon Particle Cannon Datajack [Rating: 18] Favorites ----------- Power Light Ion Engine Engine Light Ion Engine Propulsion Light Treads Treads Light Treads Wheel Armored Wheel Utility Heat Sink Device Heat Sink Storage Small Storage Unit Processor Signal Interpreter Protection Light Armor Plating Weapon Particle Cannon Energy Gun Beam Rifle Energy Cannon Particle Cannon Ballistic Gun Light Assault Rifle Launcher Grenade Launcher Special Melee Weapon Datajack Build | -11 -10 -9 -9 ------- Run | Yrd Mat Mat Min Slots Evolved 2 | . . 2 . Power . | . . . . Propulsion . | . . . . Utility 2 | . . 2 . Weapon . | . . . . Parts Attached 47 | 7 16 21 3 Power 4 | 1 1 2 . Engine 4 | 1 1 2 . Core . | . . . . Reactor . | . . . . Propulsion 10 | 2 5 2 1 Treads 3 | 2 1 . . Leg . | . . . . Wheel 7 | . 4 2 1 Hover . | . . . . Flight . | . . . . Utility 15 | 1 5 9 . Device 5 | . . 5 . Storage 5 | 1 3 1 . Processor 1 | . . 1 . Hackware . | . . . . Protection 4 | . 2 2 . Artifact . | . . . . Weapon 18 | 3 5 8 2 Energy Gun 2 | . 1 1 . Energy Cannon 8 | . 3 4 1 Ballistic Gun 5 | 3 . 1 1 Ballistic Cannon . | . . . . Launcher 2 | . 1 1 . Special Weapon . | . . . . Impact Weapon . | . . . . Slashing Weapon . | . . . . Piercing Weapon . | . . . . Special Melee Weapon 1 | . . 1 . Unidentified Prototypes 1 | . . 1 . Parts Lost 6 | . 2 2 2 Power 1 | . 1 . . Propulsion 1 | . . . 1 Utility 1 | . . 1 . Weapon 3 | . 1 1 1 Highest Loss Streak 2 | . 1 2 2 To Critical Strikes . | . . . . Average Slot Usage (%) 95 | . 92 99 94 Engine 12 | . 13 11 11 Treads 7 | . 20 . . Wheel 15 | . 7 22 16 Device 14 | . . 24 22 Storage 12 | . 14 11 11 Processor 4 | . . 4 11 Protection 4 | . 7 3 . Energy Gun 1 | . . 3 . Energy Cannon 12 | . 7 14 15 Ballistic Gun 3 | . 7 . 4 Launcher 6 | . 12 3 1 Naked Turns . | . . . . Heaviest Build 98 | 12 54 98 97 Greatest Support 40 | 40 40 24 24 Greatest Overweight (x) 8 | . 5 8 8 Average Overweight (x) 1 | . . 3 5 Largest Inventory Capacity 25 | 8 20 25 25 Average Capacity 15 | 7 11 22 25 Most Carried 17 | 5 13 17 15 Average Carried 8 | 3 7 12 14 Final Capacity 25 | 8 20 25 25 Final Carried 15 | 4 10 15 14 Class Distribution -------------------- 100% | Mutant Dominant Class ---------------- Mutant | -10/Materials Mutant | -9/Materials Mutant | -9/Mines Resources | -11 -10 -9 -9 ----------- Run | Yrd Mat Mat Min Matter Collected 1014 | 214 229 414 157 Remotely . | . . . . Salvage Created 1253 | . 216 871 166 Parts 84 | . 17 53 14 Haulers Intercepted . | . . . . Recyclers Shooed 1 | . 1 . . Parts Field Recycled . | . . . . Retrieved Matter . | . . . . Parts Self-Destructed . | . . . . Prevented . | . . . . Kills | -11 -10 -9 -9 ------- Run | Yrd Mat Mat Min Combat Hostiles Destroyed 40 | . 9 23 8 Guns 3 | . 1 1 1 Cannons 20 | . 2 17 1 AOE 17 | . 6 5 6 Classes Destroyed 6 | . 4 2 . Builder 1 | . 1 . . Operator 1 | . . 1 . Watcher 4 | . 3 1 . Swarmer 13 | . 3 5 5 Grunt 21 | . 6 11 4 Sentry 7 | . . 7 . Best Kill Streak 4 | . 3 4 4 Combat Bots Only 4 | . 2 4 4 Max Kills in Single Turn 3 | . 2 3 3 Gunslinging . | . . . . Exploded 3 | . 1 3 3 Melee . | . . . . Uniques/NPCs Destroyed . | . . . . Combat | -11 -10 -9 -9 -------- Run | Yrd Mat Mat Min Hostile Shots Fired 144 | . 27 101 16 Missed 39 | . 7 28 4 Damage Taken 1757 | . 502 1030 225 Core 310 | . 58 220 32 Absorbed by Shields . | . . . . Regen/Repaired (Parts) 75 | . . 75 . Core Remaining (%) 88 | 100 76 . . Volleys Fired 98 | . 28 59 11 Largest 2 | . 2 2 2 Hottest 136 | . 136 136 101 Shots Fired 175 | . 43 112 20 Gun 40 | . 18 16 6 Cannon 107 | . 11 86 10 Launcher 28 | . 14 10 4 Special . | . . . . Kinetic 24 | . 18 . 6 Thermal 123 | . 11 102 10 Explosive 28 | . 14 10 4 Electromagnetic . | . . . . Robot Hit Streak 11 | . 9 11 6 Robot Miss Streak 5 | . 2 5 4 Penetration Max . | . . . . Secondary Targets . | . . . . Shots Hit Robots 106 | . 28 65 13 Core Hits 63 | . 21 30 12 Critical Kills . | . . . . Critical Parts Destroyed . | . . . . Critical Strikes 1 | . . 1 . Burn 1 | . . 1 . Melee Attacks 2 | . . 2 . Impact . | . . . . Slashing . | . . . . Piercing . | . . . . Sneak Attacks . | . . . . Combat Hostiles . | . . . . Follow-up Attacks . | . . . . Damage Inflicted 3245 | . 827 1749 669 Guns 325 | . 95 145 85 Cannons 1279 | . 73 1105 101 Explosions 1638 | . 656 499 483 Melee . | . . . . Ramming 3 | . 3 . . Kinetic 180 | . 95 . 85 Thermal 1424 | . 73 1250 101 Explosive 1638 | . 656 499 483 Electromagnetic . | . . . . Impact . | . . . . Slashing . | . . . . Piercing . | . . . . Highest Corruption 5 | . . 5 5 Average Corruption 5 | . . 5 5 Corruption Purged . | . . . . Corruption Blocked . | . . . . Effects 37 | . . 19 18 Message Errors 8 | . . 6 2 Matter Fused 6 | . . 3 3 Heat Flow Errors 7 | . . 4 3 Energy Discharges 5 | . . 2 3 Parts Rejected 1 | . . 1 . Parts Fused 1 | . . . 1 Data Loss (minor) 4 | . . 2 2 Data Loss (major) 2 | . . . 2 Misfires 1 | . . . 1 Alerts 1 | . . 1 . Weapon Failures 1 | . . . 1 Overload Shots . | . . . . Overflow Damage 48 | . 10 28 10 Projectiles 14 | . . 14 . Explosions 34 | . 10 14 10 Melee . | . . . . Knockbacks . | . . . . Impact . | . . . . Kinetic . | . . . . Secondary . | . . . . Self-Inflicted Damage 317 | . 216 42 59 Shots 13 | . 8 2 3 Rammed 3 | . 3 . . Targets Rammed 3 | . 3 . . Kicked . | . . . . Crushed . | . . . . Highest Temperature 399 | . 150 399 134 Average Temperature 100 | . 39 122 51 Received Heat Transfer 699 | . 180 420 99 Effects 2 | . . 2 . Shutdowns 1 | . . 1 . Energy Bleed 1 | . . 1 . Siege Activations . | . . . . Robots Corrupted . | . . . . Combat Hostiles . | . . . . Parts Fried . | . . . . Impact Corruptions . | . . . . Robots Melted . | . . . . Combat Hostiles . | . . . . Parts Melted 4 | . . 4 . Heat Transferred 2775 | . 148 2442 185 Parts Sabotaged . | . . . . Parts Stolen . | . . . . Parts Stripped . | . . . . Power Chain Reactions . | . . . . Alert | -11 -10 -9 -9 ------- Run | Yrd Mat Mat Min Peak Influence 335 | . 244 335 333 Initial 85 | . . 50 85 Average 97 | . 98 127 223 Maximum Alert Level 1 | . 1 1 1 Low Security (%) 79 | 100 74 76 52 Level 1 20 | . 25 23 47 Level 2 . | . . . . Level 3 . | . . . . Level 4 . | . . . . Level 5 . | . . . . High Security . | . . . . Max Security . | . . . . Squads Dispatched 7 | . 3 4 . Investigation 4 | . 2 2 . Extermination . | . . . . Reinforcement 3 | . 1 2 . Assault . | . . . . Garrison . | . . . . Intercept . | . . . . Searches Triggered . | . . . . Construction Impeded . | . . . . Haulers Reinforced . | . . . . Active Scanning Responses . | . . . . Cargo Convoy Interrupts . | . . . . Stealth | -11 -10 -9 -9 --------- Run | Yrd Mat Mat Min Distress Signals 2 | . 1 1 . Communications Jammed . | . . . . Distress Signals . | . . . . Times Spotted 56 | . 13 32 11 Peak Tracking Total 4 | . 3 4 4 Tactical Retreats 4 | . 1 2 1 Traps | -11 -10 -9 -9 ------- Run | Yrd Mat Mat Min Traps Triggered 6 | . 3 3 . Indirectly . | . . . . Trap Hack Attempts 5 | . . 5 . Triggered . | . . . . Disarmed . | . . . . Reprogrammed . | . . . . Reused . | . . . . Traps Extracted . | . . . . Installed . | . . . . Triggered 1 | . . . 1 Machines | -11 -10 -9 -9 ---------- Run | Yrd Mat Mat Min Machines Disabled 10 | . 2 1 7 Max in Single Turn 4 | . 1 1 4 Machines Repaired . | . . . . Machines Dismantled . | . . . . Machines Sabotaged . | . . . . Overloaded Fab Kills . | . . . . Hacking | -11 -10 -9 -9 --------- Run | Yrd Mat Mat Min Machines Accessed 13 | . 4 9 . Terminals 10 | . 3 7 . Fabricators . | . . . . Repair Stations 1 | . . 1 . Recycling Units 2 | . 1 1 . Scanalyzers . | . . . . Garrison Access . | . . . . Total Hacks 38 | . 9 29 . Successful 22 | . 4 18 . Failed 16 | . 5 11 . Catastrophic 2 | . 1 1 . Database Lockouts . | . . . . Manual . | . . . . Terminals 30 | . 6 24 . Fabricators . | . . . . Repair Stations 3 | . . 3 . Recycling Units 5 | . 3 2 . Scanalyzers . | . . . . Garrison Access . | . . . . Terminal Hacks 16 | . 2 14 . Record 2 | . . 2 . Robot Analysis 1 | . 1 . . Emergency Access Points 2 | . . 2 . Alert Level 2 | . . 2 . Unreport Threat 2 | . . 2 . Locate Traps 2 | . . 2 . Dispatch Records 2 | . 1 1 . Patrol Status 1 | . . 1 . Reinforcement Status 1 | . . 1 . Recall Reinforcements 1 | . . 1 . Fabricator Hacks . | . . . . Repair Station Hacks 2 | . . 2 . Scan Component 1 | . . 1 . Repair 1 | . . 1 . Recycling Unit Hacks 4 | . 2 2 . Recycle Component 1 | . . 1 . Process 1 | . . 1 . Retrieve Matter 2 | . 2 . . Scanalyzer . | . . . . Garrison Access Hacks . | . . . . Unauthorized Hacks . | . . . . Terminals . | . . . . Fabricators . | . . . . Repair Stations . | . . . . Recycling Units . | . . . . Scanalyzers . | . . . . Garrison Access . | . . . . Data Cores Recovered . | . . . . Used . | . . . . Hacking Detections 9 | . 3 6 . Full Trace Events 3 | . 2 1 . Feedback Events . | . . . . Feedback Blocked . | . . . . Robot Schematics Acquired . | . . . . Robots Built . | . . . . Authchips . | . . . . Time . | . . . . Total Robot Build Rating . | . . . . Part Schematics Acquired . | . . . . Parts Built . | . . . . Authchips . | . . . . Time . | . . . . Total Part Build Rating . | . . . . Parts Repaired 1 | . . 1 . Time 26 | . . 26 . Parts Recycled 1 | . . 1 . Recycled Matter 273 | . . 273 . Retrieved Matter . | . . . . Retrieved Components . | . . . . Parts Scanalyzed . | . . . . Part Schematics Acquired . | . . . . Parts Damaged . | . . . . Bothacking | -11 -10 -9 -9 ------------ Run | Yrd Mat Mat Min Used RIF Installer . | . . . . Robots Hacked 1 | . . 1 . Non-combat . | . . . . Combat 1 | . . 1 . Robot Hacks Applied 1 | . . 1 . parse_system 1 | . . 1 . Relay Couplers Released . | . . . . Fabnet Peak Effective % . | . . . . Robots Rewired . | . . . . Allies Hacked . | . . . . Hacks Repelled . | . . . . Allies | -11 -10 -9 -9 -------- Run | Yrd Mat Mat Min Total Allies 3 | . . . 3 Largest Group 3 | . . . 3 Highest-Rated Group 40 | . . . 40 Highest-Rated Ally 16 | . . . 16 Total Orders . | . . . . Ally Attacks 9 | . . . 9 Total Damage 114 | . . . 114 Kills 2 | . . . 2 Allies Corrupted . | . . . . Allies Melted . | . . . . Intel | -11 -10 -9 -9 ------- Run | Yrd Mat Mat Min Robot Analysis Total 1 | . 1 . . Derelict Logs Recovered 2 | . . . 2 Drone Launches . | . . . . Drone Recoveries . | . . . . Exploration | -11 -10 -9 -9 ------------- Run | Yrd Mat Mat Min Turns Passed 4725 | 1380 1283 1316 746 Spaces Moved 2673 | 697 771 776 429 Core 14 | 13 1 . . Treads 1222 | 684 538 . . Legs . | . . . . Wheels 1437 | . 232 776 429 Hover . | . . . . Flight . | . . . . Fastest Speed 50 | 50 90 120 135 Average Speed 150 | 157 148 136 165 Slowest Speed 300 | 160 300 210 210 Overloaded Moves . | . . . . Propulsion Burnouts . | . . . . Robots Hopped . | . . . . Cave-ins Triggered . | . . . . Exploration Rate (%) 66 | 49 84 53 81 Regions Visited 3 Branch Regions 1 Pre-discovered Areas 2 | . . . 2 Known Exits Taken 1 | . . 1 . Unknown Exits Taken 2 | 1 1 . . Scrap Searched 1 | . . . 1 Spaces Dug . | . . . . Terrain Destroyed 182 | . 75 70 37 Melee . | . . . . Projectile . | . . . . AOE 182 | . 75 70 37 Terrain Rammed . | . . . . Walls Destroyed . | . . . . Machines Disabled . | . . . . Actions | -11 -10 -9 -9 --------- Run | Yrd Mat Mat Min Total 3209 | 976 873 915 445 Wait 322 | 263 21 37 1 Move 2670 | 696 770 775 429 Hop . | . . . . Pick Up 49 | 10 24 14 1 Fast Attach . | . . . . Attach 26 | 6 10 8 2 Detach . | . . . . Swap 21 | 1 6 13 1 Drop 13 | . 11 2 . Fire 98 | . 28 59 11 Melee 2 | . . 2 . Ram . | . . . . Kick . | . . . . Crush 3 | . 3 . . Escape Stasis . | . . . . Rewire . | . . . . Trap 5 | . . 5 . Miscellaneous . | . . . . Route ------- -11/Scrapyard -10/Materials (discovered 4 exits: *Mat x3 / [*Min]) -9/Materials (discovered 3 exits: *Mat / *Min / *Sto) -9/Mines (discovered 2 exits: *Mat x2) History --------- Turn | Location | Event 2 | -11/Scrapyard | Met Revision 17 6 | -11/Scrapyard | Discovered new exit (range 16) 1381 | -11/Scrapyard | Entered Materials 1382 | -10/Materials | Build established: Mutant 1746 | -10/Materials | Discovered new exit (range 10) 2032 | -10/Materials | Discovered new exit (range 7) 2509 | -10/Materials | Discovered new exit (range 15) 2610 | -10/Materials | Discovered new exit (range 12) 2664 | -10/Materials | Entered another Materials area 2664 | -9/Materials | Evolved 2 slots: Utility x2 2755 | -9/Materials | Repaired Lgt. Armor Plating 3403 | -9/Materials | Discovered new exit (range 12) 3427 | -9/Materials | Identified exit to Storage 3743 | -9/Materials | Discovered new exit (range 5) 3751 | -9/Materials | Identified exit to Materials 3855 | -9/Materials | Core integrity fell below 50% 3953 | -9/Materials | Discovered new exit (range 10) 3979 | -9/Materials | Identified exit to Mines 3980 | -9/Materials | Entered Mines 4063 | -9/Mines | Discovered exit to Materials (range 8) 4269 | -9/Mines | Learned location of Storage (-9) 4424 | -9/Mines | A weapon hastily lodged in a ceiling crevice suddenly fell to the ground 4515 | -9/Mines | Assisted by bots powering up and referring to "LRC-V3" 4726 | -9/Mines | Self-destructed Last Messages --------------- Critical hit (Burn: +37). Acquired 5 matter. Seismic Survey Station disabled. G-47 Trooper destroyed. T-07 Excavator is excavating. U-05 Engineer lays Concrete. T-07 Excavator is excavating. U-05 Engineer builds a Wall. T-07 Excavator is excavating. U-05 Engineer builds a Wall. T-07 Excavator is excavating. U-05 Engineer builds a Wall. T-07 Excavator is excavating. U-05 Engineer lays Concrete. T-07 Excavator is excavating. System corrupted: FCS attempts to trigger Mak. Shrapnel Gun. System corrupted: Mak. Shrapnel Gun misfires. T-07 Excavator is excavating. K-01 Serf collects debris. Map ----- +----------------------------------------------------+ | | | | | | | | | | | | | | | | | | | ?????????????????????????????????????????????????? | | ?????????????????????????????????????????????????? | | ?????????????????????????????######??????????????? | | ????????????????????????????## ##?????????????? | | ??????????????????????????### ##????????????? | | ???????????????????######?# #????????????? | | ???????????????????# #?# #????????????? | | ??????????????????## #??# #???????####??# | | ??????????????????# #??##### ##??????## #### | | ??????????????????# #??????### #??????## ## | | ??????????????????## ##????????# #????### | | ???????????????????# #?????????# ###### | | ???????????????????# #####?????# ## ##### | | ???????????????????# #????## ##???## | | ??????????????###??## g g #??### #?????## | | ?????????????? #???# """ #?## ##??????? | | ??????????????# #???#%*""@#?# """ ###???????? | | ??????????????# #???#=""" #?# """ ##?????????? | | ??????????????# #####%* %=#?# """ ##??????????? | | ??????????????# ]% uk " #?## #???????????? | | ??????????????# ##### """ #??## #???????????? | | ????????????### ##### """ #???##= ##???????????? | | ????????????# % ## #????# ## #????????????? | | ????????????# ## ## #????#[## #????????????? | | T??????????## # ########????# ## #????????????? | | ###### # # #???????????# #????????????? | | # # #???????????# ## #????###?????? | | ##### ###?????????# ## #???## ##????? | | ??????????## #?????????# ## ##?## #????? | | ???????????# ########### # ### #?????? | | ???????????## #?????? | | ????????????# ##????? | | ????????????# ############### # ##???? | | ????????????# ##????????????# ## ###?? | | ????####????## #????????????# ### ##? | | ?#### ##????# ## #????????????# #?# #? | | ## ##???# #### #????????????# #?# #? | | # ##### ###? #????????????# #?## ##? | | # #? #????????????# #??#### ####?? | | # #?### ## #????????????# ###???####????? | | #???# ? #????????????# #???????????? | +----------------------------------------------------+ Best States ------------- Heat Dissipation 48 Energy Generation 12 Energy Capacity 265 Matter Stores 300 Matter Capacity 300 Sight Range 16 Terrain Scan Range 14 Terrain Scan Density 10 Armor Coverage 150 Evasion (%) 50 Recoil Reduction 2 Item Schematics ----------------- None Robot Schematics ------------------ None Fabricated ------------ Nothing Alien Tech Used ----------------- None Achievements -------------- Everything Is Under Control GoHome() Let's See Who's Tougher Challenges ------------ None Game ------ Seed WaveMicroLink Manual? 0 Play Time 00:51:33 Cumulative 3.8 hours Start 2024.07.07 @ 20:22:46 End 2024.07.07 @ 21:13:59 Sessions 1 Manual Loads 0 Difficulty Rogue Special Mode None Game No. 7 Rogue 7 Adventurer 0 Explorer 0 Win Type - Total 0 Types 0/0/0/0/0/0/0/0/0 Lore% 1 Gallery% 5 Achievement% 5 Wizard Run 0 Options --------- Layout 1 ASCII 0 Keyboard 0 Movement Arrows Keybinds 0 Fullscreen 1 Font 28/Dina Map View 50x43 Zoom Use 0% Tactical HUD 0 Map Filters NONE Filters NONE Steam 1 RUN: 62b4d9d2-5830-4ac4-a37b-b79ff0995bcc